 Dungeon Crawl Stone Soup version 0.27-a0-1555-g0e7b3fb (webtiles) character file.

Game seed: 2188648476426547768

48193 Meow the Fighter (level 14, 15/127 HPs)
             Began as a Ghoul Earth Elementalist on July 14, 2021.
             Was an Initiate of Gozag.
             Quit the game on level 9 of the Dungeon.
             The game lasted 00:58:03 (21430 turns).

Meow the Fighter (Ghoul Earth Elementalist)        Turns: 21430, Time: 00:58:04

Health: 15/127     AC:  8    Str: 13    XL:     14   Next: 45%
Magic:  13/27      EV: 12    Int: 14    God:    Gozag
Gold:   2608       SH:  0    Dex: 11    Spells: 15/34 levels left

rFire    . . .     SeeInvis +   a - +9 mace "Ifiwuz" {vorpal, rElec Dex+2 SInv}
rCold    + + +     Faith    .   (no shield)
rNeg     + + +     Spirit   .   f - +0 robe
rPois    ∞         Reflect  .   (no helmet)
rElec    +         Harm     .   (no cloak)
rCorr    .         Rampage  .   Q - +1 pair of gloves of Zutin {rC++}
Will     +....                  (no boots)
Stlth    ++........             O - amulet of magic regeneration
HPRegen  0.00/turn              J - ring of wizardry
MPRegen  0.45/turn              o - +4 ring of protection

@: spiked, slightly contaminated
A: claws 1, cold resistance 1, negative energy resistance 3, inhibited
regeneration, torment resistance 2
a: Renounce Religion, Potion Petition, Call Merchant, Bribe Branch


You were on level 9 of the Dungeon.
You worshipped Gozag.
Gozag was most pleased with you.
You visited 3 branches of the dungeon, and saw 17 of its levels.

You collected 3667 gold pieces.
You spent 915 gold pieces at shops.
You paid 144 gold pieces to Gozag.

Inventory:

Hand Weapons
 a - the +9 mace "Ifiwuz" (weapon) {vorpal, rElec Dex+2 SInv}
   (You found it on level 6 of the Dungeon)

   It inflicts extra damage upon your enemies.
   Dex:       It affects your dexterity (+2).
   rElec:     It insulates you from electricity.
   SInv:      It lets you see invisible.
 b - the +6 arbalest "Damnation" {damnation}
   (You acquired it on level 2 of the Dungeon)

   Any ammunition fired from it explodes in a burst of damnation on striking a
   foe, dealing damage which bypasses armour.
 e - a +0 hunting sling
 x - the +7 mace of the Lusting Priest {freeze, Str-3 Int+4 Stlth+}
   (You found it on level 5 of the Lair of Beasts)

   It freezes those it strikes, dealing additional cold damage.
   It can also slow down cold-blooded creatures.
   Str:       It affects your strength (-3).
   Int:       It affects your intelligence (+4).
   Stlth:     It makes you more stealthy.
 I - a +3 dagger of venom
Missiles
 c - 441 stones (quivered)
 g - 9 boomerangs
 k - 88 poisoned darts
 F - 366 arrows
 K - 22 bolts
 P - 2 atropa-tipped darts
Armour
 d - a +0 buckler
 f - a +0 robe (worn)
 Q - the +1 pair of gloves of Zutin (worn) {rC++}
   (You bought it in a shop on level 8 of the Dungeon)

   rC:        It greatly protects you from cold.
Jewellery
 m - a ring of resist corrosion
 o - a +4 ring of protection (right hand)
 J - a ring of wizardry (left hand)
 O - an amulet of magic regeneration (around neck)
Wands
 h - a wand of acid (22)
 j - a wand of charming (6)
 n - a wand of mindburst (17)
 E - a wand of paralysis (17)
 H - a wand of flame (72)
 V - a wand of digging (14)
 Y - a wand of polymorph (8)
Scrolls
 p - 5 scrolls of enchant weapon {unknown}
 q - 13 scrolls of teleportation
 w - 2 scrolls of holy word {unknown}
 z - a scroll of fog {unknown}
 B - a scroll of identify
 C - 3 scrolls of magic mapping
 D - 3 scrolls of noise {unknown}
 R - 2 scrolls of enchant armour
 S - a scroll of torment {unknown}
 U - 3 scrolls of silence {unknown}
 X - a scroll of immolation {unknown}
 Z - a scroll of acquirement
Potions
 i - a potion of magic {unknown}
 r - 2 potions of might
 s - 4 potions of curing
 t - 3 potions of haste
 u - a potion of brilliance
 v - a potion of mutation
 G - 2 potions of ambrosia
 L - 3 potions of flight
 M - a potion of invisibility
 N - 2 potions of degeneration
 T - 3 potions of heal wounds


   Skills:
 + Level 12.6 Fighting
 - Level 1.7 Dodging
 - Level 2.1 Stealth
 + Level 10.5 Spellcasting
 + Level 12.4 Conjurations
 - Level 0.8 Transmutations
 - Level 12.0 Earth Magic


You had 15 spell levels left.
You knew the following spells:

 Your Spells              Type           Power      Damage    Failure   Level
a - Sandblast             Erth           80%        2d17      1%          1
t - Irradiate             Conj/Tmut      12%        3d17      8%          5
A - Stone Arrow           Conj/Erth      82%        3d12      1%          3
B - Iskenderun's Mystic   Conj/Tloc      24%        2d7       3%          4
E - Passwall              Tmut/Erth      20%        N/A       1%          2
T - Sticky Flame          Conj/Fire      24%        2d5       3%          4

Your spell library contained the following spells:

 Spells                   Type           Power      Damage    Failure   Level
 Static Discharge         Conj/Air       24%        N/A       1%          2
 Lee's Rapid Deconstruct  Erth           20%        3d13*     1%          5
 Petrify                  Tmut/Erth      25%        N/A       2%          4
 Fulminant Prism          Conj/Hex       12%        3d9       3%          4
 Slow                     Hex            7%         N/A       6%          2
 Lightning Bolt           Conj/Air       12%        1d25      9%          5
 Confusing Touch          Hex            7%         N/A       12%         3
 Portal Projectile        Hex/Tloc       14%        N/A       12%         3
 Vampiric Draining        Necr           3%         2d6       12%         3
 Dispel Undead            Necr           7%         3d8       36%         4
 Yara's Violent Unravell  Hex/Tmut       4%         3d4       65%         5
 Excruciating Wounds      Necr           3%         N/A       69%         5
 Maxwell's Capacitive Co  Air            3%         ∞         100%        8
 Blade Hands              Tmut           Unusable   N/A       N/A         5
 Dragon Form              Tmut           Unusable   N/A       N/A         7

Dungeon Overview and Level Annotations

Branches:
Dungeon (10/15)            Temple (1/1) D:6            Lair (6/6) D:10
  Swamp (0/4) Lair:2       Spider (0/4) Lair:3        Slime (0/5) Lair:5
    Orc: D:9-12

Altars:
Ashenzari
Cheibriados
Dithmenos
Elyvilon
Fedhas
Gozag
Hepliaklqana
Kikubaaqudgha
Makhleb
Nemelex Xobeh
Okawaru
Qazlal
Ru
Sif Muna
Trog
Uskayaw
Vehumet
Wu Jian
Xom
Zin
The Shining One
Jiyva

Shops:
D:5 ?   D:8 [*(*:

Portals:
Hell: Lair:6

Annotations:
D:4 Ijyb
D:5 2 transporters, PidgeyThePirate's ghost, novice DjGl


Innate Abilities, Weirdness & Mutations

You thrive by killing the living.
You are immune to poison.
You have sharp fingernails.
Your flesh is cold resistant. (rC+)
You are immune to negative energy. (rN+++)
You do not regenerate when monsters are visible.
You are immune to unholy pain and torment.


Message History

The eight-headed hydra bites you.
The eight-headed hydra bites you but does no damage.
The eight-headed hydra bites you. The eight-headed hydra bites you!
The eight-headed hydra bites you.
The manticore flicks its tail.
The volley of spikes hits you!
The barbed spikes become lodged in your body.
The eight-headed hydra bites you but does no damage.
The eight-headed hydra bites you! The eight-headed hydra bites you.
The eight-headed hydra bites you!
The eight-headed hydra bites you but does no damage.
The eight-headed hydra bites you. The eight-headed hydra bites you!
* * * LOW HITPOINT WARNING * * *
The eight-headed hydra closely misses you.
There is an open door here.
The barbs in your skin will harm you if you move.
Continue?
Okay, then.
Unknown command.
Blink to where?
Press: ? - help, Dir - move target
As you read the scroll of blinking, it crumbles to dust.
The barbs in your skin will harm you if you move.
Continue?
The barbed spikes dig painfully into your body as you move.
* * * LOW HITPOINT WARNING * * *
You feel less contaminated with magical energies.
Unknown command.
The barbed spikes dig painfully into your body as you move.
* * * LOW HITPOINT WARNING * * *
The barbed spikes dig painfully into your body as you move.
* * * LOW HITPOINT WARNING * * *
There is an open door here.
The barbed spikes dig painfully into your body as you move.
* * * LOW HITPOINT WARNING * * *
Okay, then.
As you read the scroll of fear, it crumbles to dust.
You assume a fearsome visage.
The seven-headed hydra looks frightened!
The eight-headed hydra looks frightened!
You feel yourself speed up.
Are you sure you want to abandon this character and quit the game? (Confirm with "yes".)

..... #.⌠..$⌠.#
######.# #..⌠..$.###
#.# +...⌠...§.## #.#
#....⌠.D#D.# ## #.#
#.⌠...⌠.#..# .# #.#
#.......#.D# .# #.#
#########'## .# #[#
##8##...# .# ##.###
+..@'D.## .# #....#
#8.8#.#.#
.####..#######8)8#####
.......####.##8.8#
............###'##
.####.####### #.# .#
#.# #.######### .# #.#
#.......... .# #.#
##.########


You could see an eight-headed hydra (fleeing) and a seven-headed hydra
(fleeing).

Vanquished Creatures
  2 catoblepae
  A boulder beetle (D:9)
  5 hydras
  6 death yaks
  A two-headed ogre (D:9)
  A sixfirhy (Lair:6)
  A wizard (Lair:6)
  A lindwurm (Lair:6)
  A bog body (Lair:2)
  A deep elf pyromancer (D:9)
  A wolf spider (Lair:3)
  2 torpor snails (Lair:6)
  11 elephants
  5 black mambas
  14 cane toads
  An orange demon (Lair:6)
  8 rime drakes
  8 komodo dragons
  A freezing wraith (D:9)
  A hellwing (Lair:6)
  2 ice devils (Lair:6)
  3 red devils (Lair:6)
  4 polar bears
  A troll (D:9)
  13 blink frogs
  Prince Ribbit (Lair:3)
  7 dream sheep (Lair:3)
  A wraith (D:9)
  25 yaks
  4 wyverns
  5 basilisks
  A vampire mosquito (D:9)
  A steam dragon (D:8)
  Menkaure (D:5)
  A swamp worm (Lair:2)
  18 water moccasins
  3 hell hounds (Lair:6)
  2 orc warriors (D:8)
  2 sky beasts
  A necrophage (D:7)
  2 ogres (D:7)
  17 wolves
  5 centaurs
  7 black bears
  A phantom (D:6)
  4 kobold brigands
  A wyvern zombie (D:7)
  15 bullfrogs
  7 scorpions
  6 killer bees (D:9)
  4 wights (D:5)
  7 howler monkeys
  5 electric eels
  3 vampire bats (Lair:5)
  2 centaur zombies
  A gnoll shaman (D:6)
  3 hounds
  3 jellies
  5 orc priests
  2 bullfrog skeletons
  A centaur skeleton (D:5)
  3 iguanas
  Jessica (D:2)
  12 orc wizards
  Natasha (D:4)
  A scorpion zombie (D:5)
  5 hell rats (Lair:6)
  2 killer bee zombies
  A mummy (D:9)
  4 howler monkey zombies
  Robin (D:4)
  9 gnolls
  6 adders
  A shadow imp (D:6)
  An ufetubus (D:6)
  A worm (D:5)
  3 dart slugs
  31 orcs
  5 ball pythons
  5 endoplasms
  2 giant cockroaches
  10 goblins
  10 hobgoblins
  6 jackals (D:1)
  23 kobolds
  4 quokkas
  14 bats
  2 frilled lizards
  5 rats
438 creatures vanquished.

Vanquished Creatures (others)
  An orc (D:8)
  A ball python (D:3)
  A bush (Lair:6)
  49 fungi
  72 plants
  6 withered plants (D:3)
130 creatures vanquished.

Grand Total: 568 creatures vanquished

Notes
Turn   | Place    | Note
-------+----------+-------------------------------------------
     0 | D:1      | Meow the Ghoul Earth Elementalist began the quest for the
                  | Orb.
     0 | D:1      | Reached XP level 1. HP: 14/14 MP: 2/2
   195 | D:1      | Reached XP level 2. HP: 18/22 MP: 0/4
   341 | D:1      | Reached skill level 1 in Fighting
   938 | D:1      | Reached XP level 3. HP: 14/28 MP: 0/5
  1735 | D:2      | Noticed Jessica
  1744 | D:2      | Killed Jessica
  1745 | D:2      | Reached XP level 4. HP: 36/36 MP: 1/6
  1856 | D:2      | Learned a level 3 spell: Stone Arrow
  1859 | D:2      | Learned a level 2 spell: Passwall
  2011 | D:2      | Identified a scroll of acquirement
  2012 | D:2      | Acquired the +6 arbalest "Damnation" {damnation}
  2013 | D:2      | Found the +6 arbalest "Damnation" {damnation}
  2109 | D:3      | Reached XP level 5. HP: 42/42 MP: 2/8
  2470 | D:3      | Found an ancient bone altar of Kikubaaqudgha.
  2563 | D:3      | Found a faded altar of an unknown god.
  2830 | D:3      | Found an iron altar of Okawaru.
  3070 | D:3      | Reached skill level 1 in Conjurations
  3179 | D:4      | Reached XP level 6. HP: 51/51 MP: 1/9
  3185 | D:4      | Noticed Natasha
  3584 | D:4      | Reached skill level 5 in Earth Magic
  3668 | D:4      | Killed Natasha
  3716 | D:4      | Noticed Robin
  3718 | D:4      | Killed Robin
  3781 | D:4      | Reached XP level 7. HP: 54/57 MP: 11/11
  3808 | D:4      | Noticed Ijyb
  3815 | D:5      | Entered Level 5 of the Dungeon
  4427 | D:5      | Found a transporter.
  4429 | D:5      | Found a transporter.
  4550 | D:5      | Reached XP level 8. HP: 49/63 MP: 4/13
  4645 | D:5      | Noticed PidgeyThePirate's ghost (novice DjGl)
  4718 | D:5      | Found Satwin's Magic Scroll Shop.
  4888 | D:5      | Identified the +5 ring mail of Arai {rElec rC+}
  4924 | D:5      | Bought a scroll of teleportation for 33 gold pieces
  4924 | D:5      | Bought a scroll of fear for 38 gold pieces
  4924 | D:5      | Bought a scroll of identify for 22 gold pieces
  4924 | D:5      | Bought a scroll of identify for 22 gold pieces
  4924 | D:5      | Bought a scroll of identify for 22 gold pieces
  4924 | D:5      | Bought a scroll of magic mapping for 38 gold pieces
  5174 | D:5      | Noticed Menkaure
  5179 | D:5      | Killed Menkaure
  5298 | D:5      | Found a burning altar of Makhleb.
  5392 | D:5      | Learned a level 4 spell: Sticky Flame
  5698 | D:6      | Reached skill level 5 in Conjurations
  5715 | D:6      | Found a staircase to the Ecumenical Temple.
  5725 | Temple   | Entered the Ecumenical Temple
  6155 | D:6      | Reached XP level 9. HP: 72/72 MP: 11/15
  6211 | D:6      | Found a bloodstained altar of Trog.
  6262 | D:6      | Identified the +9 mace "Ifiwuz" {vorpal, rElec Dex+2 SInv}
  6287 | D:6      | Reached skill level 5 in Spellcasting
  6440 | D:6      | Found a shimmering blue altar of Sif Muna.
  6541 | D:6      | Found an opulent altar of Gozag.
  6796 | D:6      | Reached skill level 5 in Fighting
  7895 | D:6      | Became a worshipper of Gozag Ym Sagoz the Greedy
  8237 | D:8      | Found Ampis's Book Emporium.
  8624 | D:8      | Reached XP level 10. HP: 64/83 MP: 7/17
  8717 | D:8      | Found Wyunyhe's Assorted Antiques.
  8923 | D:8      | Found Emiruch's Weapon Emporium.
  8941 | D:8      | Found Veelig's General Store.
  9273 | D:8      | Found Mys Ojed's Antique Armour Shop.
  9283 | D:8      | Bought a pair of encrusted gloves for 218 gold pieces
  9283 | D:8      | Identified the +1 pair of gloves of Zutin {rC++} (You
                  | bought it in a shop on level 8 of the Dungeon)
  9506 | D:5      | Bought a scroll of enchant armour for 82 gold pieces
  9705 | D:9      | Noticed a two-headed ogre
  9715 | D:9      | Learned a level 4 spell: Iskenderun's Mystic Blast
  9729 | D:9      | Killed a two-headed ogre
 10118 | D:9      | Noticed a boulder beetle
 10504 | D:10     | Entered Level 10 of the Dungeon
 10515 | D:10     | Found a staircase to the Lair.
 10759 | Lair:1   | Entered Level 1 of the Lair of Beasts
 11122 | Lair:1   | Reached XP level 11. HP: 78/92 MP: 20/20
 11985 | Lair:2   | Found a stormy altar of Qazlal.
 12659 | Lair:2   | Reached skill level 10 in Earth Magic
 12713 | Lair:2   | Found a staircase to the Swamp.
 12715 | Lair:2   | Noticed a bog body
 12724 | Lair:2   | Killed a bog body
 12913 | Lair:3   | Noticed Prince Ribbit
 13080 | Lair:3   | Noticed a four-headed hydra
 13085 | Lair:3   | Killed a four-headed hydra
 13086 | Lair:3   | Reached XP level 12. HP: 80/104 MP: 8/23
 13157 | Lair:3   | Killed Prince Ribbit
 14084 | Lair:3   | Found a hole to the Spider Nest.
 14348 | D:8      | Bought a book of Transfigurations for 440 gold pieces
 14355 | D:8      | Learned a level 5 spell: Irradiate
 14488 | Lair:4   | Reached skill level 10 in Fighting
 15106 | Lair:4   | Noticed a five-headed hydra
 15114 | Lair:4   | Killed a five-headed hydra
 15746 | Lair:4   | Reached skill level 10 in Conjurations
 16281 | Lair:5   | Identified the +7 mace of the Lusting Priest {freeze, Str-3
                  | Int+4 Stlth+}
 16574 | Lair:5   | Noticed a catoblepas
 16583 | Lair:5   | Killed a catoblepas
 16584 | Lair:5   | Reached XP level 13. HP: 93/114 MP: 5/25
 16609 | Lair:5   | Found a viscous altar of Jiyva.
 16609 | Lair:5   | Found a staircase to the Slime Pits.
 16663 | Lair:5   | Identified the +0 ring mail of the Stag {Dex+8}
 16742 | Lair:5   | Found a stormy altar of Qazlal.
 17031 | Lair:6   | Entered Level 6 of the Lair of Beasts
 18245 | Lair:5   | Reached skill level 10 in Spellcasting
 19349 | Lair:6   | Reached XP level 14. HP: 62/126 MP: 8/27
 20061 | Lair:6   | Found a burning altar of Makhleb.
 20875 | Lair:6   | Found a gateway to Hell.
 21304 | D:9      | Found a snail-covered altar of Cheibriados.
 21430 | D:9      | Quit the game

Illustrated notes

Levels and vault maps discovered:
D:1:      minmay_arrival_three_doors, layout_loops_ring, serial_rivers,
          chequers_serial_rivers_micro_e, chequers_serial_rivers_large_a,
          chequers_serial_rivers_micro_c, chequers_serial_rivers_room_b,
          amcnicky_mini_rare_corridor_liquid
D:2:      layout_rooms, uniq_jessica
D:3:      layout_basic, okawaru_altar_gauntlet_db, kiku_gazebo_garden_becter,
          basic_ecumenical_altar, lemuel_another_geyser
D:4:      layout_gridville, uniq_sigmund, uniq_pikel, uniq_natasha, uniq_robin,
          uniq_duvessa, uniq_ijyb
D:5:      layout_rooms, mainiacjoe_overflow_surrounded_room,
          gammafunk_ghost_gnarly_gnolls, serial_shops, nicolae_shop_waterfront,
          roderic_serpentine_path, uniq_menkaure
D:6:      old_forge, layout_basic, lemuel_coloured_pillars_altar,
          overflow_temple_1_default,
          nicolae_gozag_cash_rules_everything_around_me,
          minmay_temple_entry_offerings, minmay_unpleasant_kobolds
D:7:      layout_loops_ring
D:8:      layout_loops_cross, serial_shops, nicolae_shop_statue_plus, shop,
          shop, shop, nicolae_stop_n_shop_2
D:9:      minmay_chambers_of_sevens, layout_loops_ring,
          mainiacjoe_overflow_tiny_flanked, slow_altar_1
D:10:     layout_basic, lemuel_mausoleum_altar_yredelemnul, david_lair_shrubbed,
          david_orc_2, uniq_nergalle, uniq_maurice, uniq_grum, uniq_josephine
Temple:   dshaligram_water_room_temple
Lair:1:   layout_cave_pods, grunt_megastairs_5
Lair:2:   layout_misc_corridors, nicolae_swamp_entry_splash_gauntlet,
          basic_altar, beast_lair_carwin_6, serial_bayou_shore_a
Lair:3:   layout_misc_corridors, spider_nest_entry_rubble,
          serial_bayou_lagoon_b, uniq_prince_ribbit2
Lair:4:   layout_cellular_growth, minmay_holes
Lair:5:   layout_gridlike, slime_altar_1, basic_altar, roderic_batcave
Lair:6:   evil_forest, layout_loops_ring, chequers_serial_rivers_micro_e,
          grunt_megastairs_2, lemuel_fruit_tree, serial_bayou_shore_b

Skill      XL: |  1  2  3  4  5  6  7  8  9 10 11 12 13 14 |
---------------+-------------------------------------------+-----
Spellcasting   | 2 3 4 5 6 8 9 10 | 10.5
Fighting       | 1 2 3 4 5 7 9 10 12 | 12.6
Earth Magic    | 4 5 6 7 9 10 11 12 | 12.0
Conjurations   | 1 2 4 5 6 8 9 10 11 12 | 12.4
Dodging        | |  1.7
Stealth        | |  2.1
Transmutations | |  0.8

Action                   |  1- 3 |  4- 6 |  7- 9 | 10-12 | 13-15 || total
-------------------------+-------+-------+-------+-------+-------++-------
Melee: Unarmed           |   103 |    45 |       |       |       ||   148
       Dagger            |       |   116 |   138 |       |       ||   254
       Mace              |       |       |   111 |   312 |   179 ||   602
Throw: Javelin           |       |     4 |     1 |     1 |       ||     6
       Stone             |       |       |       |     4 |     5 ||     9
 Cast: Sandblast         |    27 |    19 |     4 |     9 |     2 ||    61
       Stone Arrow       |       |    13 |    76 |   207 |    58 ||   354
       Sticky Flame      |       |       |       |     3 |     2 ||     5
       Iskenderun's Myst |       |       |       |     2 |       ||     2
       Irradiate         |       |       |       |     5 |   108 ||   113
Evoke: Wand              |       |       |       |     4 |       ||     4
  Use: Scroll            |       |     4 |       |     6 |     8 ||    18
       Potion            |       |     1 |       |     1 |       ||     2
 Stab: Sleeping          |       |       |       |     2 |     4 ||     6
       Distracted        |       |       |       |     2 |       ||     2
Armor: Robe              |    22 |    65 |   111 |   166 |   131 ||   495
Dodge: Dodged            |    53 |   117 |   199 |   314 |   203 ||   886

Table legend: (Time is in decaauts)
 A = Elapsed time spent in this place.
 B = Non-inter-level travel time spent in this place.
 C = Inter-level travel time spent in this place.
 D = Time resting spent in this place.
 E = Time spent auto-exploring this place.
 F = Levels seen in this place.
 G = Mean time per level.
                   A        B        C        D        E       F      G
               +--------+--------+--------+--------+--------+-----+--------+
         Total |  21801 |  20705 |   1096 |   7927 |   8381 |  17 | 1282.4 |
       Dungeon |  11141 |  10480 |    661 |   3618 |   4392 |  10 | 1114.1 |
        Temple |    219 |    197 |     22 |     79 |    114 |   1 |  219.0 |
          Lair |  10440 |  10028 |    412 |   4230 |   3874 |   6 | 1740.0 |
               +--------+--------+--------+--------+--------+-----+--------+

Top non-repeatable levels by time:
  Lair:6: 3215 daAuts
  Lair:5: 1939 daAuts
     D:5: 1545 daAuts
     D:3: 1534 daAuts
  Lair:4: 1497 daAuts
     D:6: 1468 daAuts
  Lair:1: 1426 daAuts
  Lair:3: 1411 daAuts
     D:1: 1402 daAuts
     D:7: 1364 daAuts
     D:8: 1327 daAuts
     D:9: 957 daAuts
  Lair:2: 950 daAuts
     D:2: 652 daAuts
     D:4: 577 daAuts
